 Dungeon Crawl Stone Soup version 0.28.0-43-g3370ac3207 (webtiles) character file.

Game seed: 7745421205480803923

12385 joshe the Fighter (level 11, -5/123 HPs)
             Began as an Ogre Fire Elementalist on Mar 2, 2022.
             Was a Believer of Qazlal.
             Slain by an entropy weaver simulacrum (8 damage)
             ... in an ice cave.
             The game lasted 01:37:46 (17102 turns).

joshe the Fighter (Ogre Fire Elementalist)         Turns: 17102, Time: 01:37:48

Health: -5/123     AC:  7    Str: 14    XL:     11   Next: 92%
Magic:  21/25      EV: 13    Int: 24    God:    Qazlal [**....]
Gold:   499        SH:  3    Dex:  9    Spells: 20/30 levels left

rFire   + + .      SeeInvis .   j - +1 falchion (elec)
rCold   . . .      Faith    .   (no shield)
rNeg    . . .      Spirit   .   B - +2 troll leather armour
rPois   .          Reflect  .   (helmet restricted)
rElec   .          Harm     .   (no cloak)
rCorr   +          Rampage  .   (gloves unavailable)
Will    +....                   (boots unavailable)
Stlth   +.........              u - amulet of the acrobat
HPRegen 1.10/turn               f - +4 ring of evasion
MPRegen 0.19/turn               e - ring "Kiroh" {Drain rF++ rCorr Int+4 Slay+4}

@: no status effects
A: large, unfitting armour, tough skin 1
a: Renounce Religion, Upheaval


You were in an ice cave.
You worshipped Qazlal.
Qazlal was pleased with you.
You visited 2 branches of the dungeon, and saw 12 of its levels.
You also visited: Ossuary and Ice Cave.

You collected 694 gold pieces.
You spent 195 gold pieces at shops.

Inventory:

Hand Weapons
 j - a +1 falchion of electrocution (weapon)
 t - a +2 dagger of venom
 v - a +4 hand axe of chaos
 C - a +2 spear of venom
Missiles
 d - 23 poisoned darts
Armour
 B - a +2 troll leather armour (worn)
Jewellery
 a - an amulet of magic regeneration
 e - the ring "Kiroh" (right hand) {Drain rF++ rCorr Int+4 Slay+4}
   (You acquired it on level 10 of the Dungeon)

   [ring of resist corrosion]

   Int:       It affects your intelligence (+4).
   Slay:      It affects your accuracy & damage with ranged weapons and melee
   (+4).
   rF:        It greatly protects you from fire.
   rCorr:     It protects you from acid and corrosion.
   Drain:     It drains your maximum health when unequipped.
 f - a +4 ring of evasion (left hand)
 u - an amulet of the acrobat (around neck)
 G - a ring of see invisible
Wands
 o - a wand of paralysis (27)
 F - a wand of iceblast (14)
Scrolls
 l - a scroll of vulnerability {unknown}
 n - a scroll of amnesia
 r - 2 scrolls of enchant weapon
 s - 5 scrolls of teleportation
 w - 2 scrolls of fog
 y - a scroll of summoning
 A - 5 scrolls of blinking
 D - a scroll of noise
Potions
 b - 2 potions of attraction
 c - 2 potions of ambrosia
 g - 2 potions of flight {unknown}
 h - a potion of heal wounds
 i - 2 potions of mutation
 k - a potion of haste {unknown}
 p - a potion of resistance {unknown}
 q - 2 potions of might {unknown}
 x - a potion of curing
 E - 2 potions of lignification
 I - 2 potions of brilliance {unknown}


   Skills:
 + Level 11.7 Fighting
 - Level 2.0 Armour
 - Level 2.0 Dodging
 - Level 1.4 Stealth
 - Level 10.0 Spellcasting
 - Level 0.8 Conjurations
 - Level 11.0 Fire Magic
 - Level 8.0 Invocations


You had 20 spell levels left.
You knew the following spells:

 Your Spells              Type           Power      Damage    Failure   Level
a - Foxfire               Conj/Fire      100%       2x1d9     1%          1
b - Scorch                Fire           100%       2d10      1%          2
c - Conjure Flame         Conj/Fire      40%        6-21      1%          3
d - Flame Wave            Conj/Fire      40%        2d9       5%          4

Your spell library contained the following spells:

 Spells                   Type           Power      Damage    Failure   Level
 Inner Flame              Hex/Fire       38%        N/A       1%          3
 Sting                    Tmut/Pois      48%        1d5       6%          1


Dungeon Overview and Level Annotations

Branches:
Dungeon (11/15)            Temple (1/1) D:5             Orc (0/2) D:11
Ossuary (visited)           IceCv (1/1)
   Lair: D:8-11

Altars:
Ashenzari
Cheibriados
Dithmenos
Elyvilon
Fedhas
Gozag
Hepliaklqana
Kikubaaqudgha
Makhleb
Nemelex Xobeh
Okawaru
Qazlal
Ru
Sif Muna
Trog
Uskayaw
Vehumet
Wu Jian
Xom
Yredelemnul
Zin
The Shining One

Shops:
D:6 **   D:8 (

Annotations:
D:4 3 runed translucent doors, Tayschli's ghost, amateur DjFE


Innate Abilities, Weirdness & Mutations

You are too large for most types of armour.
You have tough skin. (AC +1)


Message History

The anaconda simulacrum is heavily damaged.
The anaconda simulacrum's fire resistance burns away.
The anaconda simulacrum bites you but does no damage.
The anaconda simulacrum constricts you.
Casting: Scorch (safe; 1% risk of failure)
Confirm with . or Enter, or press ? or * to list all spells.
Flames lash the anaconda simulacrum.
The anaconda simulacrum melts!
The anaconda simulacrum vaporises!
Qazlal accepts your kill.
You start resting.
Magic restored.
You start resting.
HP restored.
You open the door.
An entropy weaver simulacrum comes into view.
Casting: Scorch (safe; 1% risk of failure)
Confirm with . or Enter, or press ? or * to list all spells.
Flames lash the entropy weaver simulacrum.
The entropy weaver simulacrum melts!
The entropy weaver simulacrum is moderately damaged.
The entropy weaver simulacrum's fire resistance burns away.
The entropy weaver simulacrum hits you.
The entropy weaver simulacrum freezes you!!
The entropy weaver simulacrum hits you but does no damage.
The entropy weaver simulacrum hits you.
The entropy weaver simulacrum freezes you!!
The entropy weaver simulacrum hits you but does no damage.
Casting: Scorch (safe; 1% risk of failure)
Confirm with . or Enter, or press ? or * to list all spells.
Flames lash the entropy weaver simulacrum.
The entropy weaver simulacrum melts!
The entropy weaver simulacrum is severely damaged.
The entropy weaver simulacrum hits you.
The entropy weaver simulacrum freezes you!!
* * * LOW HITPOINT WARNING * * *
The entropy weaver simulacrum hits you.
* * * LOW HITPOINT WARNING * * *
The entropy weaver simulacrum freezes you!
* * * LOW HITPOINT WARNING * * *
The entropy weaver simulacrum hits you!
You die...

## # 8.#####.
.....
######'######
#.'......@Z.#
###.8...8.###
#.'.......'.#
#.###.8...8.###.#
.'...........'.#
#.###.8...8.###.#
#.'.......'.#
###.8...8.###
+.......'.#


You could see an entropy weaver simulacrum (combustible).

Vanquished Creatures
  3 two-headed ogres
  6 centaur zombies
  2 ice statues (IceCv)
  3 ice devils (IceCv)
  2 freezing wraiths (IceCv)
  2 trolls
  3 anaconda simulacra (IceCv)
  2 hornets (D:10)
  3 yaks (D:11)
  A shadow (D:9)
  2 dire elephant simulacra (IceCv)
  2 wraiths (D:11)
  4 humans (D:6)
  A death yak simulacrum (IceCv)
  Menkaure (D:4)
  3 harpy simulacra (IceCv)
  2 sky beasts (D:7)
  2 water moccasins
  An orc warrior (D:8)
  A black bear (D:5)
  2 necrophages
  4 ogres
  4 centaurs
  3 kobold brigands
  A phantom (D:4)
  A bullfrog (D:11)
  3 elf zombies (Ossuary)
  A water moccasin zombie (D:6)
  3 scorpions
  3 gnoll sergeants
  5 two-headed ogre simulacra
  6 killer bees (D:9)
  An elephant simulacrum (IceCv)
  9 wights
  4 bullfrog zombies
  2 hounds (D:7)
  A jelly (D:4)
  A bullfrog skeleton (D:6)
  A gnoll shaman (D:5)
  4 human zombies (Ossuary)
  An iguana (D:5)
  3 orc priests
  Natasha (thrice) (D:4)
  2 orc wizards (D:8)
  2 troll simulacra (D:11)
  2 wolf simulacra (IceCv)
  3 mummies (Ossuary)
  A howler monkey zombie (D:9)
  Robin (D:3)
  16 gnolls
  2 naga simulacra (D:11)
  10 adders
  A shadow imp (D:6)
  A white imp (D:7)
  An ufetubus (D:6)
  A worm (D:2)
  2 dart slugs (D:1)
  16 orcs
  9 ball pythons
  5 bats
  4 endoplasms
  4 giant cockroaches
  16 goblins
  4 hobgoblins
  3 jackals (D:1)
  5 quokkas
  4 frilled lizards
  25 kobolds
  4 rats
256 creatures vanquished.

Vanquished Creatures (collateral kills)
  A naga simulacrum (IceCv)
  A foxfire (D:5)
2 creatures vanquished.

Vanquished Creatures (others)
  3 bushes (D:5)
  733 foxfires
  17 fungi
  36 plants
789 creatures vanquished.

Grand Total: 1047 creatures vanquished

Notes
Turn   | Place    | Note
-------+----------+-------------------------------------------
     0 | D:1      | joshe the Ogre Fire Elementalist began the quest for the
                  | Orb.
     0 | D:1      | Reached XP level 1. HP: 16/16 MP: 3/3
   211 | D:1      | Reached XP level 2. HP: 24/24 MP: 3/5
   214 | D:1      | Learned a level 2 spell: Scorch
   923 | D:1      | Reached XP level 3. HP: 31/31 MP: 1/6
  1615 | D:2      | Reached skill level 1 in Fighting
  1853 | D:2      | Reached XP level 4. HP: 42/42 MP: 2/7
  1917 | D:2      | Noticed an ogre
  1933 | D:2      | Killed an ogre
  1934 | D:2      | Reached XP level 5. HP: 49/54 MP: 4/9
  2315 | D:2      | Found a burning altar of Makhleb.
  2563 | D:2      | Learned a level 3 spell: Conjure Flame
  2568 | D:2      | Learned a level 4 spell: Flame Wave
  2724 | D:3      | Found a faded altar of an unknown god.
  2734 | D:3      | Got Plato's Handbook of Transmutation
  2793 | D:3      | Noticed an ogre
  3014 | D:4      | Noticed Menkaure
  3021 | D:4      | Killed Menkaure
  3022 | D:4      | Reached XP level 6. HP: 33/62 MP: 6/12
  3185 | D:4      | Reached skill level 5 in Fire Magic
  3273 | D:4      | Noticed Natasha
  3288 | D:4      | Killed Natasha
  3531 | D:4      | Noticed a yak
  3536 | D:4      | Noticed Tayschli's ghost (amateur DjFE)
  3537 | D:4      | Found a runed translucent gate.
  3537 | D:4      | Found a runed translucent gate.
  3542 | D:4      | Noticed Natasha
  3552 | D:4      | Killed Natasha
  3553 | D:4      | Reached XP level 7. HP: 65/70 MP: 6/13
  3734 | D:4      | Found a runed translucent gate.
  3923 | D:4      | Noticed Natasha
  3932 | D:4      | Killed Natasha
  4417 | D:3      | Noticed Robin
  4451 | D:3      | Killed Robin
  5206 | D:5      | Entered Level 5 of the Dungeon
  5308 | D:5      | Reached skill level 5 in Spellcasting
  5327 | D:5      | You fall into a shaft and drop 2 floors!
  5343 | D:7      | Reached skill level 5 in Fighting
  5657 | D:7      | Reached XP level 8. HP: 51/83 MP: 1/15
  6758 | D:6      | Found a blossoming altar of Fedhas.
  7047 | D:5      | Found a radiant altar of Vehumet.
  7598 | D:5      | Found a staircase to the Ecumenical Temple.
  7620 | D:5      | Reached XP level 9. HP: 35/96 MP: 9/19
  7991 | Temple   | Entered the Ecumenical Temple
 10292 | D:6      | Reached skill level 1 in Armour
 10709 | D:6      | Found Ihetrop's Specific Store.
 10709 | D:6      | Found Ufig's General Store.
 10721 | D:6      | Bought 2 scrolls of blinking for 195 gold pieces
 10961 | D:7      | Noticed a two-headed ogre
 10987 | D:7      | Killed a two-headed ogre
 10988 | D:7      | Reached XP level 10. HP: 107/107 MP: 15/22
 11285 | D:7      | Found a bloodstained altar of Trog.
 11293 | D:7      | Found an ancient bone altar of Kikubaaqudgha.
 11297 | D:7      | Found a stormy altar of Qazlal.
 11302 | D:7      | Became a worshipper of Qazlal Stormbringer
 11482 | D:8      | Found an ornate altar of the Wu Jian Council.
 11515 | D:8      | Found Rigekhlo's Firing Range.
 11549 | D:8      | Found a sand-covered staircase.
 11553 | Ossuary  | Entered an ossuary
 11571 | Ossuary  | Reached skill level 10 in Fighting
 11576 | Ossuary  | Reached skill level 1 in Invocations
 11952 | Ossuary  | Reached * piety under Qazlal
 12779 | D:8      | Identified the +0 leather armour of Icvin {-Cast +Inv rF+++
                  | Int-3}
 13396 | D:9      | Reached skill level 10 in Fire Magic
 13513 | D:9      | Noticed a two-headed ogre
 13523 | D:9      | Killed a two-headed ogre
 13524 | D:9      | Reached skill level 5 in Invocations
 13524 | D:9      | Reached XP level 11. HP: 97/117 MP: 14/24
 13857 | D:10     | Entered Level 10 of the Dungeon
 14014 | D:10     | Noticed a two-headed ogre
 14020 | D:10     | Killed a two-headed ogre
 14021 | D:10     | Reached skill level 10 in Spellcasting
 14660 | D:10     | Identified a scroll of acquirement
 14660 | D:10     | Acquired the ring "Kiroh" {Drain rF++ rCorr Int+4 Slay+4}
 14865 | D:11     | Found a staircase to the Orcish Mines.
 14875 | D:11     | Found a frozen archway.
 14879 | D:11     | Reached ** piety under Qazlal
 14885 | D:11     | Noticed a four-headed hydra
 14891 | D:11     | Noticed a four-headed hydra
 14893 | IceCv    | Entered an ice cave
 17102 | IceCv    | HP: 3/123 [entropy weaver simulacrum (15)]
 17102 | IceCv    | Slain by an entropy weaver simulacrum

Illustrated notes

Levels and vault maps discovered:
D:1:      dpeg_arrival_tiny_a, layout_basic
D:2:      layout_rooms, basic_altar
D:3:      layout_basic, shapermc_ecumenical_altar_rom_forum, uniq_robin
D:4:      layout_basic, gammafunk_ghost_split, kennysheep_cluttered_room,
          uniq_menkaure, uniq_natasha
D:5:      layout_loops_cross, overflow_temple_1_default,
          minmay_temple_entry_drinking_statues, portal_sewer_entry_f,
          lexackson_kobold_supper
D:6:      layout_basic, old_standard_altar, nicolae_specific_store,
          minmay_ruffians
D:7:      layout_rooms, grunt_temple_overflow_diamond
D:8:      layout_basic, pdpol_wu_jian_five_deadly_venoms, enter_ossuary_5,
          minivault_26, nicolae_shop_firing_range
D:9:      layout_roguey, minmay_misc_feat_rugged
D:10:     layout_loops_cross
D:11:     layout_long_grid, grunt_lair_entry_orc_guard_hut, orc_0_dummy,
          portal_ice_cave_entry_ice_simulacra
Temple:   compressed_dpeg_circular_temple
IceCv:    ice_cave_tombish

Skill      XL: |  1  2  3  4  5  6  7  8  9 10 11 |
---------------+----------------------------------+-----
Fire Magic     | 3 4 5 6 7 9 10 11 | 11.0
Fighting       | 2 4 6 8 9 10 11 | 11.7
Dodging        | 2 |  2.0
Spellcasting   | 4 5 6 8 9 10 | 10.0
Armour         | 2 |  2.0
Invocations    | 5 8 |  8.0
Stealth        | |  1.4
Conjurations   | |  0.8

Action                   |  1- 3 |  4- 6 |  7- 9 | 10-12 || total
-------------------------+-------+-------+-------+-------++-------
Melee: Falchion          |       |     8 |    21 |    14 ||    43
       Punch             |       |       |       |     1 ||     1
 Cast: Foxfire           |    50 |    52 |   188 |   134 ||   424
       Scorch            |       |     1 |    57 |   146 ||   204
       Conjure Flame     |       |       |     5 |    15 ||    20
       Flame Wave        |       |       |     3 |    37 ||    40
Evoke: Wand              |       |       |       |     4 ||     4
  Use: Potion            |       |       |     3 |     3 ||     6
       Scroll            |       |       |     4 |    16 ||    20
Armor: Robe              |     3 |     3 |    18 |       ||    24
       Troll leather arm |       |       |       |    52 ||    52
Dodge: Dodged            |     8 |    10 |    99 |   205 ||   322
Block: Other             |       |       |       |    16 ||    16
